AoeStats
← giacomo.filippin00

Arabia

505051325Analyzed
2v2 RM · 25d ago on Sep 7, 2026· 73m 33s· 4 players
Game mode
Random Map
Map size
Medium (4 player)
Population
200
Speed
Normal
Resources
Standard
Victory
Conquest
Starting age
Dark Age
Ending age
Imperial Age
RankedLock teamsTeams togetherTeam positionsShared explorationLock speedFull tech treeHidden civsTurbo modeCheats
Victory
Defeat
🇮🇹 Franks · Italy
701
+17
🇮🇹 Persians · Italy
662
+19
🇧🇷 Ethiopians · Brazil
721
-18
🇧🇷 Vietnamese · Brazil
718
-18
giacomo.filippin00
10:41 Feudal Age
23:07 Castle Age
21:36 Scale Barding Armor
28:13 Gold Mining
28:13 Stone Mining
28:11 Double-Bit Axe
30:03 Scale Mail Armor
41:15 Imperial Age
40:31 Forging
40:36 Chain Mail Armor
40:46 #83
41:56 Elite Throwing Axeman
43:16 Iron Casting
43:11 Plate Mail Armor
44:39 Hoardings
46:15 Ballistics
46:56 Chemistry
45:55 Murder Holes
48:10 Blast Furnace
51:45 Siege Engineers
53:00 Wheelbarrow
54:16 Gold Shaft Mining
55:08 Coinage
54:47 Caravan
eRbastone
12:27 Feudal Age
22:08 Castle Age
20:47 Double-Bit Axe
20:57 Gold Mining
25:12 Kamandaran
25:28 Bow Saw
25:33 Crossbowman
28:47 Wheelbarrow
31:10 Padded Archer Armor
31:01 Fletching
32:23 Thumb Ring
32:24 Bodkin Arrow
32:45 Leather Archer Armor
33:43 Ballistics
43:05 Imperial Age
44:39 Chemistry
46:01 Two-Man Saw
46:24 Ring Archer Armor
52:23 Masonry
52:23 Scale Barding Armor
51:44 Elite War Elephant
53:37 Forging
53:48 Chain Barding Armor
54:08 Hoardings
54:16 Hand Cart
63:29 Gold Shaft Mining
[COA] CapitãoBR
8:09 Loom
10:18 Feudal Age
11:07 Double-Bit Axe
11:06 Horse Collar
15:53 Fletching
23:16 Castle Age
24:17 Bow Saw
23:50 Crossbowman
25:11 Bodkin Arrow
26:52 Gold Mining
26:57 Stone Mining
29:27 Wheelbarrow
29:09 Padded Archer Armor
29:17 Scale Barding Armor
32:04 Stone Shaft Mining
32:04 Gold Shaft Mining
33:32 Ballistics
33:35 Leather Archer Armor
33:42 Chain Barding Armor
33:35 Squires
35:19 Thumb Ring
36:38 Hand Cart
37:57 Elite Skirmisher
45:55 Imperial Age
45:32 Husbandry
44:52 Light Cavalry
45:59 Chain Barding Armor
46:06 Imperial Skirmisher
46:19 Imperial Skirmisher
47:04 Bracer
47:30 Conscription
48:20 Halberdier
51:17 Heavy Camel Rider
52:21 Arbalester
53:37 Ring Archer Armor
53:19 Forging
55:13 Chemistry
60:02 Scale Mail Armor
60:21 Guard Tower
61:47 Capped Ram
62:17 Hussar
[COA] BLADE 大名
8:10 Loom
10:29 Feudal Age
11:02 Horse Collar
12:06 Double-Bit Axe
17:58 Man-at-Arms
23:15 Gold Mining
24:03 Forging
23:45 Fletching
23:59 Padded Archer Armor
26:20 Castle Age
25:41 Forging
25:38 Scale Barding Armor
25:51 Stone Mining
27:13 Crossbowman
27:14 Elite Skirmisher
29:28 Bow Saw
29:42 Bodkin Arrow
30:04 Leather Archer Armor
29:52 Heavy Plow
38:07 Thumb Ring
43:26 Wheelbarrow
43:14 Chatras
46:24 Imperial Age
44:23 Ballistics
45:25 Stone Shaft Mining
45:04 Treadmill Crane
46:23 Scale Barding Armor
46:28 Forging
46:37 Hand Cart
47:32 Imperial Skirmisher
49:54 Paper Money
53:49 Bracer
54:19 Ring Archer Armor
54:25 Crop Rotation
55:00 Arbalester
67:18 Iron Casting
68:09 Chemistry
Connection lost

Rejoining the realm…

Still unreachable

The connection could not be restored.

Session expired

The server has moved on; the page needs a fresh start.